 Dungeon Crawl Stone Soup version 0.24-a0-201-gf205589 (webtiles) character file.

Game seed: 7821203693407571437

29 Borgoz the Skirmisher (level 3, -2/31 HPs)
             Began as a Ghoul Monk on Mar 23, 2019.
             Slain by Terence
             ... wielding a +0 mace
              (3 damage)
             ... on level 2 of the Dungeon.
             The game lasted 00:01:32 (805 turns).

Borgoz the Skirmisher (Ghoul Monk)                   Turns: 805, Time: 00:01:33

Health: -2/31      AC:  3    Str: 14    XL:     3   Next: 16%
Magic:  2/2        EV: 13    Int:  6    God:
Gold:   47         SH:  0    Dex: 11    Spells: 2/2 levels left

rFire    . . .     SeeInvis .   a - +1 short sword
rCold    + . .     Gourm    .   (no shield)
rNeg     + + +     Faith    .   b - +1 robe
rPois    ∞         Spirit   .   (no helmet)
rElec    .         Reflect  .   (no cloak)
rCorr    .         Harm     .   (no gloves)
MR       .....                  (no boots)
Stlth    ++........             (no amulet)
HPRegen  0.00/turn              (no ring)
MPRegen  0.08/turn              (no ring)

@: rotting
A: rotting body, claws 1, carnivore, cold resistance 1, negative energy
resistance 3, inhibited regeneration, torment resistance, unbreathing
a: no special abilities


You were on level 2 of the Dungeon.
You were not hungry.

You visited 1 branch of the dungeon, and saw 2 of its levels.

You collected 47 gold pieces.

Inventory:

Hand Weapons
 a - a +1 short sword (weapon)
Missiles
 k - 2 tomahawks of returning (quivered)
Armour
 b - a +1 robe (worn)
Jewellery
 g - an uncursed ring of see invisible {unknown}
Scrolls
 d - a scroll of identify
 e - a scroll of fog
 j - a scroll of teleportation {unknown}
Comestibles
 c - 2 rations


   Skills:
 - Level 3.2 Fighting
 + Level 3.1 Short Blades
 + Level 1.2 Armour
 + Level 3.1 Dodging
 - Level 2.1 Stealth


You had 2 spell levels left.
You didn't know any spells.
Your spell library was empty.

Dungeon Overview and Level Annotations

Branches:
Dungeon (2/15)

Altars:

Annotations:
D:2 Terence


Innate Abilities, Weirdness & Mutations

Your body is rotting away.
You thrive on raw meat.
You are immune to poison.
You have sharp fingernails.
You are carnivorous and can eat meat at any time.
Your flesh is cold resistant. (rC+)
You are immune to negative energy. (rN+++)
You do not regenerate when monsters are visible.
You are immune to unholy pain and torment.
You can survive without breathing.


Message History

You barely miss Terence.
Terence is moderately wounded.
Terence hits you with a +0 mace.
* * * LOW HITPOINT WARNING * * *
You hit Terence but do no damage.
Terence is moderately wounded.
Terence barely misses you.
You see here a dagger.
As you read the scroll labeled OLAANI KOUT, it crumbles to dust.
It is a scroll of identify.
e - a scroll of fog Terence screams, "I want your blood!"
Terence closely misses you.
As you read the scroll labeled FENEMNYDGHU, it crumbles to dust.
It is a scroll of enchant weapon.
Your +0 short sword glows red for a moment.
As you read the scroll labeled DAF BODEFI, it crumbles to dust.
It is a scroll of enchant armour.
Your +0 robe glows green for a moment.
Terence hits you with a +0 mace.
You die...

. #.###.#÷#.##
#..##...#..# .#
#..#..##.(#### ..#
##...........# ...
#......#####.###.#
#.###..# ....#
...###.[## ...
#.##......#####.##
#. #......@@)÷..#
#).....##......#
#[.....#######...#
#####.## #.[. ...
.. #... . #.. #.


You could see Terence.

Vanquished Creatures
  An adder (D:2)
  A giant cockroach (D:1)
  3 hobgoblins
  2 jackals (D:2)
  A kobold (D:2)
  2 quokkas (D:2)
  A bat (D:1)
  5 goblins
  2 rats (D:2)
18 creatures vanquished.

Notes
Turn   | Place    | Note
-------+----------+-------------------------------------------
     0 | D:1      | Borgoz the Ghoul Monk began the quest for the Orb.
     0 | D:1      | Reached XP level 1. HP: 19/19 MP: 0/0
   434 | D:1      | Reached XP level 2. HP: 20/25 MP: 1/1
   604 | D:2      | Reached skill level 1 in Armour
   720 | D:2      | Reached XP level 3. HP: 21/31 MP: 2/2
   776 | D:2      | Noticed Terence
   798 | D:2      | HP: 1/31 [Terence/+0 mace (3)]
   805 | D:2      | Slain by Terence

Levels and vault maps discovered:
D:1:      dpeg_arrival_simpleton_b, layout_basic, wad_floor_pattern_2
D:2:      layout_rooms, uniq_terence

Skill      XL: |  1  2 |
---------------+-------+-----
Short Blades   | 3 |  3.1
Dodging        | 3 |  3.1
Armour         | 1 |  1.2
Fighting       | |  3.2
Stealth        | |  2.1

Action                   || total
-------------------------++-------
Melee: Short sword       ||    86
  Use: Potion            ||     1
       Scroll            ||     3
 Stab: Sleeping          ||     2
  Eat: Chunk             ||    10
Armor: Robe              ||    11
Dodge: Dodged            ||    57

Table legend:
 A = Non-vault XP
 B = Vault XP
 C = Vault XP percentage of total XP
 D = Non-vault monster count
 E = Vault monster count
 F = Vault count percentage of total count
                 A         B        C        D         E       F
            +---------+---------+-------+---------+---------+-------
      Total |      42 |       0 |   0.0 |      18 |       0 |   0.0
            +---------+---------+-------+---------+---------+-------
        D:1 |      11 |       0 |   0.0 |       7 |       0 |   0.0
        D:2 |      31 |       0 |   0.0 |      11 |       0 |   0.0
            +---------+---------+-------+---------+---------+-------
